AoeStats
← Jamie the Koala

MegaRandom

503954427Analyzed
1v1 RM · 28d ago on Sep 3, 2026· 90m 47s· 2 players
Game mode
Random Map
Map size
Tiny (2 player)
Population
200
Speed
Normal
Resources
Standard
Victory
Conquest
Starting age
Dark Age
Ending age
Imperial Age
RankedLock teamsTeams togetherTeam positionsShared explorationLock speedFull tech treeHidden civsTurbo modeCheats
Victory
Defeat
🇺🇸 Poles · United States
668
+10
🇺🇸 Romans · United States
523
-10
Jamie the Koala
1:28 Loom
12:31 Feudal Age
14:35 Horse Collar
15:59 Fishing Lines
16:51 Double-Bit Axe
24:20 Castle Age
23:57 Wheelbarrow
23:08 Town Watch
24:06 Fletching
26:08 Squires
28:39 Bow Saw
28:45 Pikeman
29:50 Scale Mail Armor
32:23 Hand Cart
35:42 Heavy Plow
39:48 Ballistas
43:54 Devotion
44:07 Fervor
44:20 Redemption
44:42 Murder Holes
44:38 Guard Tower
46:40 Ballistics
46:31 Masonry
50:58 Fortified Wall
57:45 Bodkin Arrow
61:11 Imperial Age
59:53 Scale Barding Armor
Luke
10:48 Feudal Age
12:20 Wheelbarrow
13:50 Loom
19:54 Castle Age
21:18 Hand Cart
23:31 Horse Collar
25:27 Szlachta Privileges
26:01 Forging
29:05 Scale Barding Armor
31:26 Chain Barding Armor
31:54 Bloodlines
31:45 Husbandry
32:53 Iron Casting
32:43 Ballistics
33:43 Murder Holes
37:35 Imperial Age
36:28 Town Watch
37:17 Stone Mining
38:42 Conscription
37:47 Cavalier
39:34 Blast Furnace
38:29 Fletching
40:41 Heavy Plow
40:41 Bodkin Arrow
40:47 Padded Archer Armor
40:59 Thumb Ring
40:49 Heavy Cavalry Archer
43:32 Bracer
43:48 Leather Archer Armor
43:25 Double-Bit Axe
43:39 Double-Bit Axe
47:03 Crop Rotation
48:22 Bow Saw
50:17 Town Patrol
58:11 Chemistry
66:14 Spies/Treason
71:06 Lechitic Legacy
71:32 Hoardings
Connection lost

Rejoining the realm…

Still unreachable

The connection could not be restored.

Session expired

The server has moved on; the page needs a fresh start.